 Dungeon Crawl Stone Soup version 0.29.1-15-g9cfb28693d (webtiles) character file.

Game seed: 9777006339147644686

2741 growler the Martial Artist (level 9, -4/81 HPs)
             Began as a Merfolk Transmuter on May 1, 2023.
             Was a Follower of Wu Jian.
             Slain by a two-headed ogre
             ... wielding a +0 giant club
              (16 damage)
             ... on level 8 of the Dungeon.
             The game lasted 00:17:40 (8914 turns).

growler the Martial Artist (Merfolk Transmuter)     Turns: 8914, Time: 00:17:40

Health: -4/81      AC:  6    Str: 17    XL:     9   Next: 68%
Magic:  11/15      EV: 10    Int: 14    God:    Wu Jian [*.....]
Gold:   340        SH:  5    Dex: 16    Spells: 6/16 levels left

rFire   x . .      SeeInvis .     - Unarmed
rCold   + + +      Faith    .   (shield currently unavailable)
rNeg    . . .      Spirit   .   (body armour currently unavailable)
rPois   +          Reflect  +   (helmet currently unavailable)
rElec   .          Harm     .   (cloak currently unavailable)
rCorr   .          Rampage  .   (gloves currently unavailable)
Will    .....                   (boots currently unavailable)
Stlth   +.........              t - amulet of reflection
HPRegen 0.23/turn               w - +6 ring of strength
MPRegen 0.14/turn               (no ring)

@: about to teleport, ice-form
A: freezing attack, boosted hp, large, (nimble swimmer 2), (mertail)
a: End Transformation, Renounce Religion


You were on level 8 of the Dungeon.
You worshipped Wu Jian.
Wu Jian was aware of your devotion.
You were a creature of crystalline ice.
You visited 2 branches of the dungeon, and saw 9 of its levels.

You collected 340 gold pieces.

Inventory:

Missiles
 i - 2 silver boomerangs
 o - 6 poisoned darts
Armour
 a - a +0 robe (melded)
 k - a +1 hat (melded)
 s - a +1 pair of boots (melded)
 x - a +0 pair of gloves (melded)
Jewellery
 c - a ring of magical power
 f - an amulet of the acrobat
 t - an amulet of reflection (around neck)
 w - a +6 ring of strength (left front paw)
 y - a ring of resist corrosion
Scrolls
 d - 3 scrolls of summoning
 e - a scroll of blinking {unknown}
 g - a scroll of vulnerability {unknown}
 h - a scroll of fear {unknown}
 p - a scroll of poison {unknown}
 v - a scroll of amnesia {unknown}
 z - a scroll of immolation {unknown}
 A - 2 scrolls of magic mapping {unknown}
 B - a scroll of enchant armour {unknown}
Potions
 b - 2 potions of lignification
 j - a potion of haste
 l - a potion of cancellation {unknown}
 m - a potion of brilliance {unknown}
 n - 3 potions of curing
 r - 2 potions of resistance {unknown}
 u - a potion of might
 C - a potion of invisibility {unknown}
 D - a potion of heal wounds


   Skills:
 + Level 5.3 Fighting
 - Level 2.6 Dodging
 + Level 11.2 Unarmed Combat
 - Level 4.0 Spellcasting
 - Level 6.0 Transmutations
 - Level 4.0 Ice Magic


You had 6 spell levels left.
You knew the following spells:

 Your Spells              Type           Power      Damage    Failure   Level
a - Beastly Appendage     Tmut           38%        N/A       1%          1
b - Wereblood             Tmut           19%        N/A       2%          2
c - Spider Form           Tmut/Pois      11%        N/A       17%         3
d - Ice Form              Ice/Tmut       16%        N/A       24%         4

Your spell library contained the following spells:

 Spells                   Type           Power      Damage    Failure   Level
 Magic Dart               Conj           8%         1d3       19%         1
 Call Imp                 Summ           2%         N/A       28%         2
 Mephitic Cloud           Conj/Pois/Air  2%         N/A       50%         3
 Passage of Golubria      Tloc           2%         N/A       88%         4
 Silence                  Hex/Air        1%         N/A       99%         5
 Lehudib's Crystal Spear  Conj/Erth      1%         10d2      100%        8


Dungeon Overview and Level Annotations

Branches:
Dungeon (8/15)             Temple (1/1) D:4
   Lair: D:8-11

Altars:
Ashenzari
Cheibriados
Dithmenos
Elyvilon
Fedhas
Gozag
Hepliaklqana
Makhleb
Okawaru
Qazlal
Ru
Sif Muna
Trog
Uskayaw
Vehumet
Wu Jian
Xom
Yredelemnul
Zin
The Shining One

Shops:
D:1 (   D:3 *


Innate Abilities, Weirdness & Mutations

You are a creature of crystalline ice.
You have a powerful freezing melee attack.
Your maximum health is increased.
Your armour is entirely melded.
You are incapable of wielding weapons or throwing items.
((You are very nimble when in or above water. (Stealth+, EV+, Speed+++)))
((Your lower body shifts to a powerful aquatic tail in water.))


Message History

You now have 323 gold pieces (gained 14).
D - a potion of heal wounds You now have 340 gold pieces (gained 17).
A two-headed ogre comes into view. It is wielding two +0 giant clubs.
Found a silvery potion.
Casting: Ice Form (dangerous; 24% risk of failure)
Confirm with . or Enter, or press ? or * to list all spells.
You turn into a creature of crystalline ice.
Your +1 hat melds into your body.
Your +0 pair of gloves melds into your body.
Your +1 pair of boots melds into your body.
Your +0 robe melds into your body.
The two-headed ogre shouts in stereo!
A centaur comes into view.
The centaur shouts!
You lunge at the two-headed ogre.
You hit the two-headed ogre. You freeze the two-headed ogre.
The two-headed ogre is lightly wounded.
The centaur wields a +0 shortbow.
The centaur shoots an arrow.
The arrow barely misses you.
The two-headed ogre hits you with a +0 giant club!!
The two-headed ogre misses you.
There is a stone staircase leading down here.
You punch the two-headed ogre! You freeze the two-headed ogre.
The two-headed ogre is moderately wounded.
The centaur shoots an arrow.
You reflect the arrow off an invisible shield around you!
The arrow hits the centaur!
You punch the two-headed ogre! You freeze the two-headed ogre.
The two-headed ogre is heavily wounded.
The centaur shoots an arrow.
The arrow barely misses you.
The two-headed ogre hits you with a +0 giant club!!
The two-headed ogre hits you with a +0 giant club!
* * * LOW HITPOINT WARNING * * *
Unknown command.
As you read the scroll of teleportation, it crumbles to dust.
You feel strangely unstable.
The centaur shoots an arrow.
The arrow hits you.
* * * LOW HITPOINT WARNING * * *
The two-headed ogre hits you with a +0 giant club!
You die...

#....##...#...###
.#...#....##..##...####
..........##..........#
....... #.............#
#.c... #......#......#
# #....
+..........##... #
#....##.....####.# . #
####......##### ...
.!....OY.## #...
......$:...# ##..
...........# #.
...#.......# ..
####....# . #....#
#....# ######


You could see a two-headed ogre and a centaur.

Vanquished Creatures
  Sigmund (D:2)
  A yak (D:4)
  2 steam dragons
  A water moccasin (D:7)
  3 orc warriors
  2 ice beasts
  An ogre (D:4)
  A centaur (D:8)
  2 bullfrogs
  2 scorpions (D:6)
  3 wights (D:6)
  4 killer bees (D:7)
  3 howler monkeys (D:7)
  2 orc priests
  2 hounds
  2 jellies (D:5)
  2 gnoll boudas
  An iguana (D:4)
  Terence (D:2)
  2 orc wizards (D:7)
  10 gnolls
  8 adders
  A river rat (D:5)
  2 shadow imps (D:6)
  5 white imps
  An ufetubus (D:4)
  4 worms
  5 dart slugs
  16 orcs
  6 ball pythons
  4 endoplasms
  2 giant cockroaches
  4 hobgoblins
  6 jackals
  10 kobolds
  3 quokkas
  6 bats
  5 frilled lizards
  13 goblins
  5 rats
154 creatures vanquished.

Vanquished Creatures (collateral kills)
  A wight (D:6)
1 creature vanquished.

Vanquished Creatures (others)
  34 plants (D:8)
34 creatures vanquished.

Grand Total: 189 creatures vanquished

Notes
Turn   | Place    | Note
-------+----------+-------------------------------------------
     0 | D:1      | growler the Merfolk Transmuter began the quest for the Orb.
     0 | D:1      | Reached XP level 1. HP: 15/15 MP: 3/3
   314 | D:1      | Found Yniuckas's Weapon Shop.
   325 | D:1      | Reached XP level 2. HP: 10/21 MP: 3/5
   328 | D:1      | Learned a level 2 spell: Wereblood
  1037 | D:2      | Found Baxocagi's Weapon Emporium.
  1071 | D:2      | Reached XP level 3. HP: 16/26 MP: 6/6
  1079 | D:2      | Learned a level 3 spell: Spider Form
  1270 | D:2      | Noticed Sigmund
  1286 | D:2      | Killed Sigmund
  1287 | D:2      | Reached skill level 5 in Unarmed Combat
  1287 | D:2      | Reached XP level 4. HP: 32/32 MP: 1/8
  1287 | D:2      | Reached XP level 5. HP: 37/37 MP: 1/9
  1295 | D:2      | Learned a level 4 spell: Ice Form
  1410 | D:2      | Noticed Terence
  1420 | D:2      | Killed Terence
  1430 | D:2      | Reached skill level 6 in Unarmed Combat
  1444 | D:2      | Reached XP level 6. HP: 24/43 MP: 5/10
  1929 | D:2      | Found a faded altar of an unknown god.
  2356 | D:3      | Found a sacrificial altar of Ru.
  2640 | D:3      | Found Fefiqec's Assorted Antiques.
  2984 | D:3      | Found a bloodstained altar of Trog.
  3248 | D:4      | Reached skill level 7 in Unarmed Combat
  3598 | D:4      | Noticed a yak
  3663 | D:4      | Reached XP level 7. HP: 44/48 MP: 11/11
  3871 | D:4      | Found a staircase to the Ecumenical Temple.
  3877 | Temple   | Entered the Ecumenical Temple
  4176 | D:4      | Found a basalt altar of Yredelemnul.
  4228 | D:4      | Found a white marble altar of Elyvilon.
  4287 | D:4      | Killed a yak
  4288 | D:4      | Reached skill level 8 in Unarmed Combat
  4666 | D:5      | Entered Level 5 of the Dungeon
  5002 | D:5      | Found an ornate altar of the Wu Jian Council.
  5010 | D:5      | Became a worshipper of the Wu Jian Council
  5551 | D:6      | Reached skill level 9 in Unarmed Combat
  5563 | D:6      | HP: 2/48 [scorpion (5)]
  5781 | D:6      | Noticed a steam dragon
  5825 | D:6      | Killed a steam dragon
  5826 | D:6      | Reached XP level 8. HP: 52/54 MP: 6/12
  5888 | D:6      | Reached skill level 10 in Unarmed Combat
  6154 | D:6      | Reached skill level 1 in Ice Magic
  6656 | D:7      | Reached skill level 5 in Transmutations
  6823 | D:7      | Reached XP level 9. HP: 40/63 MP: 12/14
  7040 | D:7      | Reached * piety under Wu Jian
  7948 | D:7      | Reached skill level 11 in Unarmed Combat
  8454 | D:8      | Found an opulent altar of Gozag.
  8526 | D:8      | Reached skill level 5 in Fighting
  8747 | D:8      | Found a broken altar of Ashenzari.
  8907 | D:8      | Noticed a two-headed ogre
  8914 | D:8      | Slain by a two-headed ogre

Illustrated notes

Levels and vault maps discovered:
D:1:      spicycebolla_arrival_clurvy, layout_loops_cross, serial_shops,
          shop_fountains
D:2:      layout_basic, serial_shops, shop,
          hellmonk_ecumenical_altar_defaced_shrine, uniq_sigmund, uniq_terence
D:3:      layout_rooms, trog_three_pillars_becter, mainiacjoe_overflow_alcove_1,
          serial_shops, shop, kennysheep_decorative_pillar
D:4:      minmay_clustersquares, layout_cave_pools, kennysheep_ying_yang,
          minmay_temple_entry_fiery
D:5:      layout_loops_ring, lemuel_crystal_altar, gup_sewer_entry_spiral
D:6:      layout_cave_pools
D:7:      layout_basic, enter_bailey_3, kennysheep_generic_room_15
D:8:      layout_basic, cheibrodos_ashenzari_chains, nicolae_gozag_seed_capital,
          david_lair_shrubbed, serial_park_tiny_2,
          chequers_serial_rivers_micro_d, kb_rosetta
Temple:   nicolae_temple_ecumenical_triangle

Skill      XL: |  1  2  3  4  5  6  7  8  9 |
---------------+----------------------------+-----
Transmutations | 3 4 5 6 |  6.0
Unarmed Combat | 5 6 7 9 10 11 | 11.2
Spellcasting   | 3 4 |  4.0
Ice Magic      | 2 4 |  4.0
Fighting       | 3 5 |  5.3
Dodging        | |  2.6

Action                   |  1- 3 |  4- 6 |  7- 9 || total
-------------------------+-------+-------+-------++-------
Melee: Unarmed           |    77 |   165 |   238 ||   480
       Headbutt          |     8 |    15 |     6 ||    29
       Punch             |     2 |     7 |     4 ||    13
       Tailslap          |       |       |     1 ||     1
 Cast: Beastly Appendage |    11 |    17 |     8 ||    36
       Wereblood         |     1 |     3 |     1 ||     5
       Spider Form       |     2 |     2 |    18 ||    22
       Ice Form          |       |       |     7 ||     7
Invok: Lunge             |       |       |    24 ||    24
       Whirlwind         |       |       |     6 ||     6
 Abil: End Transformatio |       |       |     1 ||     1
  Use: Scroll            |       |       |     9 ||     9
       Potion            |       |       |     3 ||     3
 Stab: Sleeping          |     3 |     1 |     2 ||     6
       Distracted        |       |       |     2 ||     2
Armor: Robe              |     6 |    23 |    11 ||    40
       Skin              |     1 |     1 |    17 ||    19
Dodge: Dodged            |    51 |    99 |   113 ||   263
Block: Other             |       |     5 |    41 ||    46
       Reflection        |       |       |     2 ||     2
